 Dungeon Crawl Stone Soup version 0.26-a0-8-gc4d20be10f (webtiles) character file.

Game seed: 7514934393638451059, levelgen mode: deterministic

587 tilp the Bolt Thrower (level 7, 0/44 HPs)
             Began as a Kobold Arcane Marksman on May 24, 2020.
             Succumbed to a worker ant's poison
             ... on level 5 of the Dungeon.
             The game lasted 00:09:06 (6278 turns).

tilp the Bolt Thrower (Kobold Arcane Marksman)      Turns: 6278, Time: 00:09:07

Health: 0/44       AC:  5    Str:  9    XL:     7   Next: 65%
Magic:  8/8        EV: 14    Int: 14    God:
Gold:   188        SH:  0    Dex: 16    Spells: 5/8 levels left

rFire    . . .     SeeInvis .   b - +2 hand axe (freeze)
rCold    . . .     Gourm    .   (shield restricted)
rNeg     . . .     Faith    .   q - +0 ring mail
rPois    .         Spirit   .   (no helmet)
rElec    .         Reflect  .   (no cloak)
rCorr    .         Harm     .   (no gloves)
MR       .....                  (no boots)
Stlth    ++........             (no amulet)
HPRegen  0.14/turn              (no ring)
MPRegen  0.11/turn              (no ring)

@: lethally poisoned (0 -> -5)
A: small, carnivore
a: no special abilities


You were on level 5 of the Dungeon.
You were very full.

You visited 1 branch of the dungeon, and saw 5 of its levels.

You collected 188 gold pieces.

Inventory:

Hand Weapons
 a - a +0 hand crossbow
 b - a +2 hand axe of freezing (weapon)
 f - a +0 mace of draining
 u - a +0 war axe
 v - a +0 flail
Missiles
 d - 9 bolts
 s - 9 poisoned darts (quivered)
Armour
 j - a +0 chain mail
 q - a +0 ring mail (worn)
Wands
 p - a wand of random effects (21)
Scrolls
 e - 2 scrolls of remove curse
 h - a scroll of fog {unknown}
 k - a scroll of immolation
 l - a scroll of magic mapping
 m - a scroll of teleportation
 r - 2 scrolls of amnesia {unknown}
Potions
 g - a potion of stabbing
 i - 3 potions of haste
 n - 2 potions of might {unknown}
 o - a potion of ambrosia {unknown}
 t - a potion of curing {unknown}
 w - a potion of flight {unknown}
Comestibles
 c - 8 rations


   Skills:
 + Level 5.0 Fighting
 - Level 6.0 Crossbows
 + Level 4.1 Dodging
 + Level 3.7 Stealth
 - Level 1.1 Spellcasting
 - Level 3.0 Hexes


You had 5 spell levels left.
You knew the following spells:

 Your Spells              Type           Power        Failure   Level  Hunger
a - Corona                Hex            #......      22%         1    ##.....
b - Slow                  Hex            #.......     32%         2    ###....

Your spell library contained the following spells:

 Spells                   Type           Power        Failure   Level  Hunger
 Inner Flame              Hex/Fire       #.......     75%         3    ####...
 Portal Projectile        Hex/Tloc       #.....       75%         3    ####...
 Cause Fear               Hex            #.........   91%         4    #####..
 Leda's Liquefaction      Hex/Erth       #.........   98%         4    #####..


Dungeon Overview and Level Annotations

Branches:
Dungeon (5/15)
 Temple: D:4-7

Altars:
Elyvilon
Nemelex Xobeh

Annotations:
D:3 Sigmund
D:5 exclusion: ogre


Innate Abilities, Weirdness & Mutations

You are small and have problems with some larger weapons.
You are carnivorous and can eat meat at any time.


Message History

You closely miss the phantom. The worker ant completely misses you.
The phantom hits you. The worker ant completely misses you.
You hit the worker ant. You freeze the worker ant.
The worker ant is heavily wounded.
You miss the phantom.
You feel sick. The phantom hits you!
* * * LOW HITPOINT WARNING * * *
The worker ant bites you.
* * * LOW HITPOINT WARNING * * *
You hit the worker ant. You freeze the worker ant.
The worker ant is almost dead.
You barely miss the phantom.
You feel sick. The worker ant bites you.
* * * LOW HITPOINT WARNING * * *
The phantom hits you.
* * * LOW HITPOINT WARNING * * *
The worker ant barely misses you. The phantom hits you.
* * * LOW HITPOINT WARNING * * *
You barely miss the worker ant.
The worker ant is almost dead.
You hit the phantom but do no damage.
You die...

#.######.# #.##.......# #.#
#.# #.##.......###
#.######.###.............
#.##...............######
#........######...##
#.##.###.# ##.##
########......# #.#
#§.§...##.###W# #.#
#§§§.§.##..##@# ##'##
#.§#.≈.'.#.##a# ##...##
#.§.#..'......# ##[....##
#.§.≈≈.###..### ##.......##
#......###...####.........#
########......a.'.........+
###.>.####.........# ##..##
##.......## ##...##
##.....##


You could see a phantom and a worker ant.

Vanquished Creatures
  A centaur (D:5)
  An ogre (D:5)
  A howler monkey (D:4)
  An orc priest (D:4)
  2 hounds (D:4)
  An iguana (D:4)
  3 orc wizards (D:4)
  A worker ant (D:4)
  9 adders
  A shadow imp (D:5)
  An ooze (D:2)
  A worm (D:3)
  A dart slug (D:2)
  3 leopard geckos (D:2)
  12 orcs
  A ball python (D:4)
  3 bats
  4 giant cockroaches
  5 goblins
  4 hobgoblins
  4 jackals (D:1)
  3 frilled lizards
  2 jackal skeletons (D:4)
  9 kobolds
  A leopard gecko skeleton (D:5)
  3 rats
  A bush (D:4)
79 creatures vanquished.

Notes
Turn   | Place    | Note
-------+----------+-------------------------------------------
     0 | D:1      | tilp the Kobold Arcane Marksman began the quest for the
                  | Orb.
     0 | D:1      | Reached XP level 1. HP: 12/12 MP: 2/2
   339 | D:1      | Reached XP level 2. HP: 16/17 MP: 3/3
   347 | D:1      | Learned a level 2 spell: Slow
  1188 | D:2      | Reached XP level 3. HP: 19/23 MP: 4/4
  1567 | D:2      | Reached XP level 4. HP: 25/29 MP: 5/5
  1949 | D:2      | Found a sparkling altar of Nemelex Xobeh.
  2796 | D:3      | Noticed Sigmund
  3124 | D:3      | Reached skill level 3 in Crossbows
  3159 | D:3      | Found a white marble altar of Elyvilon.
  3300 | D:3      | Reached XP level 5. HP: 27/33 MP: 6/6
  3766 | D:3      | Reached skill level 4 in Crossbows
  4135 | D:4      | Reached skill level 5 in Crossbows
  4387 | D:4      | Reached XP level 6. HP: 30/38 MP: 7/7
  4393 | D:4      | Reached skill level 6 in Crossbows
  4662 | D:4      | Reached skill level 1 in Stealth
  5014 | D:4      | Reached XP level 7. HP: 25/44 MP: 8/8
  5692 | D:5      | Entered Level 5 of the Dungeon
  5915 | D:5      | Reached skill level 5 in Fighting
  6277 | D:5      | HP: 1/44 [phantom (6)]
  6278 | D:5      | Succumbed to a worker ant's poison

Illustrated notes

Levels and vault maps discovered:
D:1:      lightli_arrival_maybe_door_vault, layout_loops_corners
D:2:      layout_basic, nemelex_altar_shiori
D:3:      layout_basic, elyvilon_altar_5, minmay_misc_feat_five, uniq_sigmund
D:4:      layout_gridville, first_ration, serial_forest,
          infiniplex_forest_end_double, infiniplex_forest_clump_curved,
          infiniplex_forest_clump_curved, infiniplex_forest_clump_diagonal
D:5:      layout_loops_corners, temple_doors_cd, kennysheep_generic_room_12,
          uniq_prince_ribbit1

Skill      XL: |  1  2  3  4  5  6  7 |
---------------+----------------------+-----
Fighting       | 2 3 4 5 |  5.0
Crossbows      | 3 5 6 |  6.0
Stealth        | 2 3 |  3.7
Dodging        | 3 4 |  4.1
Spellcasting   | |  1.1
Hexes          | |  3.0

Action                   |  1- 3 |  4- 6 |  7- 9 || total
-------------------------+-------+-------+-------++-------
Melee: Short sword       |    30 |       |       ||    30
       Hand axe          |    25 |   149 |   192 ||   366
       Hand crossbow     |       |       |     1 ||     1
 Fire: Hand crossbow     |    21 |    26 |     8 ||    55
Throw: Dart              |       |     1 |       ||     1
 Cast: Corona            |     8 |       |       ||     8
  Use: Scroll            |     1 |     3 |     2 ||     6
       Potion            |       |       |     1 ||     1
 Stab: Sleeping          |     1 |       |       ||     1
  Eat: Chunk             |    10 |    11 |     4 ||    25
Armor: Robe              |     5 |       |       ||     5
       Chain mail        |    15 |    29 |       ||    44
       Ring mail         |       |    26 |    17 ||    43
Dodge: Dodged            |    36 |   101 |    38 ||   175

Table legend:
 A = Non-vault XP
 B = Vault XP
 C = Vault XP percentage of total XP
 D = Non-vault monster count
 E = Vault monster count
 F = Vault count percentage of total count
                 A         B        C        D         E       F
            +---------+---------+-------+---------+---------+-------
      Total |     839 |       0 |   0.0 |      78 |       0 |   0.0
            +---------+---------+-------+---------+---------+-------
        D:1 |      24 |       0 |   0.0 |      15 |       0 |   0.0
        D:2 |      63 |       0 |   0.0 |      17 |       0 |   0.0
        D:3 |      79 |       0 |   0.0 |      19 |       0 |   0.0
        D:4 |     430 |       0 |   0.0 |      23 |       0 |   0.0
        D:5 |     243 |       0 |   0.0 |       4 |       0 |   0.0
            +---------+---------+-------+---------+---------+-------
